 Dungeon Crawl Stone Soup version 0.32-a0-422-g28b100f618 (webtiles) character file.

Game seed: 402538064637199920

10 Bravepunisher the Ducker (level 2, -4/16 HPs)
             Began as a Spriggan Monk on Feb 21, 2024.
             Slain by an ufetubus (5 damage)
             ... on level 5 of the Dungeon.
             The game lasted 00:01:00 (284 turns).

Bravepunisher the Ducker (Spriggan Monk)             Turns: 284, Time: 00:01:01

Health: -4/16      AC:  2    Str:  7    XL:     2   Next: 10%
Magic:  3/3        EV: 19    Int: 11    God:
Gold:   0          SH:  0    Dex: 17    Spells: 1/1 levels left

rFire   . . .        a - +0 short sword
rCold   . . .        (no shield)
rNeg    . . .        b - +0 robe
rPois   .            (helmet restricted)
rElec   .            (no cloak)
rCorr   .            (gloves unavailable)
SInv    +            (boots unavailable)
Will    .....        (no amulet)
Stlth   +            (no ring)
HPRegen 0.22/turn    (no ring)
MPRegen 0.08/turn

%: no passive effects
@: slow
A: very small, no large weapons, unfitting armour, see invisible, speed 3
a: no special abilities


You were on level 5 of the Dungeon.
You visited 1 branch of the dungeon, and saw 5 of its levels.

Inventory:

Hand Weapons
 a - a +0 short sword (weapon)
Armour
 b - a +0 robe (worn)
Scrolls
 e - a scroll of noise {unknown}
Potions
 c - a potion of ambrosia
 d - a potion of degeneration {unknown}


   Skills:
 + Level 2.6 Fighting
 - Level 3.2 Short Blades
 * Level 4.6 Dodging


You had one spell level left.
You didn't know any spells.
Your spell library was empty.

Dungeon Overview and Level Annotations

Branches:
Dungeon (5/15)
 Temple: D:4-7

Altars:
Cheibriados


Innate Abilities, Weirdness & Mutations

You are very small and have problems with some larger weapons.
You are too small for most types of armour.
You have supernaturally acute eyesight. (SInv)
You cover ground extremely quickly. (Speed+++)


Message History

The ufetubus closely misses you. The ufetubus attacks as it pursues you!
The ufetubus hits you. x2
The frilled lizard unfolds its giant frill.
The ufetubus attacks as it pursues you! The ufetubus misses you.
The ufetubus completely misses you.
A river rat comes into view.
A rat comes into view.
The rat squeaks loudly.
An adder comes into view.
You enter the shallow water.
Moving in this stuff is going to be slow.
The adder hisses angrily.
Your unstable footing causes you to fumble your attack.
The rat misses you.
A ribbon worm comes into view.
The adder closely misses you.
The river rat twitches its whiskers.
The river rat misses you.
The rat splashes around in the water.
The adder barely misses you. The river rat misses you.
You hit the adder.
The adder is lightly wounded.
The ufetubus closely misses you. x2; The ufetubus misses you.
The ufetubus barely misses you. The rat barely misses you.
The adder barely misses you.
You barely miss the adder.
The adder is lightly wounded.
The river rat bites you. The ufetubus closely misses you.
The ufetubus misses you. The adder misses you. The rat barely misses you.
You barely miss the adder.
The adder is lightly wounded.
The ufetubus barely misses you. The ufetubus closely misses you.
The river rat misses you. The adder completely misses you. The rat misses you.
You barely miss the adder.
The adder is lightly wounded.
The ufetubus hits you.
* * * LOW HITPOINT WARNING * * *
The ufetubus hits you.
* * * LOW HITPOINT WARNING * * *
The river rat barely misses you. The adder misses you. The ufetubus hits you.
You die...

#.....l## ####
#......#
#......#
##.....###
#.......#
#.#.#####
#.#.##### #
#..l.5########~
######5@Sw~~~~~
.......rr#~#~###
#####.#.~.~~~
#.#.....~.. #
#.........
..........
##########


You could see a ribbon worm, an adder, a river rat, 2 ufetubi, a frilled lizard
and a rat.

Vanquished Creatures
  An endoplasm (D:1)
  3 hobgoblins
  A kobold (D:4)
5 creatures vanquished.

Notes
Turn   | Place    | Note
-------+----------+-------------------------------------------
     0 | D:1      | Bravepunisher the Spriggan Monk began the quest for the
                  | Orb.
     0 | D:1      | Reached XP level 1. HP: 11/11 MP: 2/2
   161 | D:2      | Reached XP level 2. HP: 9/16 MP: 3/3
   215 | D:3      | Found a snail-covered altar of Cheibriados.
   233 | D:5      | Entered Level 5 of the Dungeon
   284 | D:5      | Slain by an ufetubus

Illustrated notes

Levels and vault maps discovered:
D:1:      minmay_arrival_cross, layout_loops_ring, minmay_lizard_pond
D:2:      layout_basic, serial_shops, nicolae_shop_drivethru
D:3:      kennysheep_goblin_castle, layout_rooms, cheibriados_altar_1,
          ebering_ecumenical_altar_mist
D:4:      layout_basic
D:5:      layout_basic, lemuel_crystal_altar,
          mainiacjoe_overflow_concentric_impassable, lightli_sewer_entry_pipes,
          serial_shops, nicolae_shop_hallway_plus

Action                     || total
---------------------------++-------
  Melee: Short sword       ||    28
   Stab: Sleeping          ||     1
 Armour: Robe              ||    14
  Dodge: Dodged            ||    69

Table legend: (Time is in decaauts)
 A = Elapsed time spent in this place.
 B = Non-inter-level travel time spent in this place.
 C = Inter-level travel time spent in this place.
 D = Time resting spent in this place.
 E = Time spent auto-exploring this place.
 F = Levels seen in this place.
 G = Mean time per level.
                   A        B        C        D        E       F      G
               +--------+--------+--------+--------+--------+-----+--------+
         Total |    196 |    196 |      0 |      0 |     84 |   5 |   39.2 |
       Dungeon |    196 |    196 |      0 |      0 |     84 |   5 |   39.2 |
               +--------+--------+--------+--------+--------+-----+--------+

Top non-repeatable levels by time:
     D:1: 90 daAuts
     D:2: 61 daAuts
     D:5: 32 daAuts
     D:4: 7 daAuts
     D:3: 5 daAuts
